 Dungeon Crawl Stone Soup version 0.32-a0-30-gefbe487952 (webtiles) character file.

Game seed: 10415005356504872206

2207 pokeman the Thaumaturge (level 9, -1/45 (49) HPs)
             Began as a Deep Elf Hedge Wizard on Jan 19, 2024.
             Splashed by a jelly's acid (9 damage)
             ... on level 7 of the Dungeon.
             The game lasted 00:11:56 (7012 turns).

pokeman the Thaumaturge (Deep Elf Hedge Wizard)     Turns: 7012, Time: 00:11:57

HP:   -1/45 (49)    AC:  8    Str:  7    XL:     9   Next: 13%
MP:   9/25          EV: 13    Int: 24    God:
Gold: 342           SH:  0    Dex: 14    Spells: 21/29 levels left

rFire   x . .        v - +1 whip (elec)
rCold   . . .        (no shield)
rNeg    . . .        q - +1 robe "Qijupruz" {+Blink rF- Archmagi}
rPois   .            r - +0 helmet
rElec   .            (no cloak)
rCorr   .            l - +2 pair of gloves
SInv    .            k - +0 pair of boots
Will    .....        (no amulet)
Stlth   ++           (no ring)
HPRegen 0.27/turn    (no ring)
MPRegen 0.19/turn

%: archmagi
@: on blink cooldown, drained
A: no striking features
a: Evoke Blink


You were on level 7 of the Dungeon.
You visited 1 branch of the dungeon, and saw 7 of its levels.

You collected 342 gold pieces.

Inventory:

Hand Weapons
 v - a +1 whip of electrocution (weapon)
Missiles
 f - 4 curare-tipped darts
Armour
 k - a +0 pair of boots (worn)
 l - a +2 pair of gloves (worn)
 q - the +1 robe "Qijupruz" (worn) {+Blink rF- Archmagi}
   (You found it on level 3 of the Dungeon)

   rF-:       It makes you vulnerable to fire.
   +Blink:    It lets you blink.
   Archmagi:  It increases the power of your magical spells.
 r - a +0 helmet (worn)
 y - an orb of energy
 A - a +2 robe of cold resistance
Magical Staves
 b - a staff of fire
 g - a staff of conjuration
Wands
 u - a wand of flame (16)
 D - a wand of iceblast (3)
Scrolls
 a - 3 scrolls of teleportation {unknown}
 c - 2 scrolls of enchant weapon {unknown}
 e - 5 scrolls of enchant armour {unknown}
 j - 5 scrolls of identify {unknown}
 n - 2 scrolls of fear {unknown}
 s - a scroll of immolation {unknown}
 x - a scroll of fog {unknown}
 B - a scroll of revelation {unknown}
Potions
 d - 2 potions of magic
 h - 3 potions of curing {unknown}
 i - 2 potions of invisibility {unknown}
 m - 2 potions of degeneration {unknown}
 o - a potion of enlightenment {unknown}
 p - a potion of heal wounds {unknown}
 t - a potion of ambrosia {unknown}
 w - a potion of brilliance {unknown}
 z - a potion of lignification {unknown}
 C - a potion of attraction {unknown}
 E - a potion of mutation {unknown}


   Skills:
 + Level 2.5 Fighting
 - Level 3.0 Armour
 - Level 3.0 Dodging
 - Level 3.0 Stealth
 * Level 10.8 Spellcasting
 + Level 5.8 Conjurations
 - Level 1.1 Summonings
 - Level 1.1 Translocations
 + Level 4.9 Fire Magic
 - Level 1.3 Air Magic
 - Level 1.0 Alchemy
 - Level 1.2 Evocations


You had 21 spell levels left.
You knew the following spells:

 Your Spells              Type           Power      Damage    Failure   Level
a - Magic Dart            Conj           100%       1d8       1%          1
b - Mephitic Cloud        Conj/Alch/Air  39%        N/A       4%          3
c - Call Imp              Summ           54%        N/A       4%          2
d - Blink                 Tloc           54%        N/A       4%          2

Your spell library contained the following spells:

 Spells                   Type           Power      Damage    Failure   Level
 Necrotise                Necr           76%        1d7       4%          1
 Slow                     Hex            76%        N/A       4%          1
 Cigotuvi's Dreadful Rot  Necr/Alch/Air  50%        N/A       5%          2
 Vampiric Draining        Necr           19%        2d7       14%         3
 Martyr's Knell           Necr/Summ      23%        N/A       36%         4
 Curse of Agony           Necr           19%        N/A       80%         5


Dungeon Overview and Level Annotations

Branches:
Dungeon (7/15)
 Temple: D:4-7

Altars:
Xom
Zin

Annotations:
D:5 3 runed translucent doors, BigPumpCobain's ghost, novice NaSh


Message History

Press: ? - help, Shift-Dir - straight line, f/p - wight
Aim: a wight, wielding a +4 war axe and wearing a +0 robe (100% to hit)
You feel a surge of power!
The magic dart hits the wight.
The wight is lightly damaged.
The jelly closely misses you. The wight hits you with a +4 war axe!
You feel drained.
Casting: Magic Dart (safe; 1% risk of failure)
Confirm with . or Enter, or press ? or * to list all spells.
Aiming: Magic Dart (safe; 1% risk of failure)
Press: ? - help, Shift-Dir - straight line, f/p - wight
Aim: a wight, wielding a +4 war axe and wearing a +0 robe (lightly damaged, 100% to hit)
You feel a surge of power!
The magic dart hits the wight.
The wight is moderately damaged.
The jelly hits you but does no damage. The wight barely misses you.
Casting: Magic Dart (safe; 1% risk of failure)
Confirm with . or Enter, or press ? or * to list all spells.
Aiming: Magic Dart (safe; 1% risk of failure)
Press: ? - help, Shift-Dir - straight line, f/p - wight
Aim: a wight, wielding a +4 war axe and wearing a +0 robe (moderately damaged, 100% to hit)
You feel a surge of power!
The magic dart hits the wight.
The wight is moderately damaged.
The jelly hits you but does no damage. The wight hits you with a +4 war axe!
* * * LOW HITPOINT WARNING * * *
You feel drained.
* * * LOW HITPOINT WARNING * * *
A sky beast appears from thin air!
Reactivating autopickup.
The sky beast hits the wight but does no damage.
Casting: Magic Dart (safe; 1% risk of failure)
Confirm with . or Enter, or press ? or * to list all spells.
You feel a surge of power!
You blink.
Unknown command.
Casting: Blink (safe; 4% risk of failure)
Confirm with . or Enter, or press ? or * to list all spells.
You feel a surge of power!
A tiny devil pulls itself out of the air.
The jelly hits you.
* * * LOW HITPOINT WARNING * * *
You are splashed with acid!
You die...

#.♣...♣.# #.#
#.......# #)#
###'''#### #)# #
#.......###.##.#
###......#Y..#.##
###....○..z...#
######5z.##.#
##J## # #@# #.#
#.. ####


You could see a sky beast (confused), a jelly, 2 wights and a friendly cerulean
imp (summoned).

Vanquished Creatures
  Jeremiah (D:6)
  A fire bat (D:7)
  Menkaure (D:5)
  An ice beast (D:4)
  A sky beast (D:7)
  3 ogres
  4 lemures (D:5)
  A phantom (D:5)
  Blork the orc (D:6)
  3 wights (D:7)
  A hound (D:4)
  A jelly (D:5)
  A bombardier beetle (D:5)
  3 sleepcaps
  3 iguanas
  Ijyb (D:5)
  An orc wizard (D:4)
  A gnoll (D:1)
  9 adders
  2 ufetubi (D:5)
  7 dart slugs
  3 ribbon worms
  8 orcs
  9 ball pythons
  6 bats
  7 endoplasms
  3 giant cockroaches
  11 goblins
  7 hobgoblins
  3 kobolds
  A quokka (D:5)
  3 frilled lizards
  7 rats
115 creatures vanquished.

Vanquished Creatures (collateral kills)
  Pikel (D:5)
1 creature vanquished.

Grand Total: 116 creatures vanquished

Notes
Turn   | Place    | Note
-------+----------+-------------------------------------------
     0 | D:1      | pokeman the Deep Elf Hedge Wizard began the quest for the
                  | Orb.
     0 | D:1      | Reached XP level 1. HP: 10/10 MP: 7/7
   297 | D:1      | Reached XP level 2. HP: 15/15 MP: 6/9
   566 | D:1      | Found a faded altar of an unknown god.
   827 | D:1      | Reached skill level 5 in Spellcasting
   910 | D:1      | Reached XP level 3. HP: 20/20 MP: 3/11
   914 | D:1      | Learned a level 3 spell: Mephitic Cloud
   917 | D:1      | Learned a level 2 spell: Call Imp
   920 | D:1      | Learned a level 2 spell: Blink
  1606 | D:2      | Reached skill level 1 in Armour
  1627 | D:2      | Reached skill level 1 in Fighting
  1793 | D:2      | Reached XP level 4. HP: 22/25 MP: 2/13
  2854 | D:3      | Identified the +1 robe "Qijupruz" {+Blink rF- Archmagi}
  3040 | D:3      | Reached skill level 6 in Spellcasting
  3126 | D:3      | Reached XP level 5. HP: 29/29 MP: 11/15
  3865 | D:4      | Noticed an ogre
  3875 | D:4      | Killed an ogre
  3876 | D:4      | Reached skill level 1 in Fire Magic
  3876 | D:4      | Reached skill level 1 in Alchemy
  3876 | D:4      | Reached skill level 1 in Evocations
  3876 | D:4      | Reached XP level 6. HP: 34/34 MP: 4/17
  4019 | D:4      | Noticed an ice beast
  4025 | D:4      | Killed an ice beast
  4026 | D:4      | Reached skill level 1 in Air Magic
  4183 | D:4      | Reached skill level 7 in Spellcasting
  4522 | D:5      | Entered Level 5 of the Dungeon
  4696 | D:5      | Noticed Menkaure
  4705 | D:5      | Killed Menkaure
  4706 | D:5      | Reached XP level 7. HP: 18/39 MP: 10/20
  4819 | D:5      | Noticed Ijyb
  4836 | D:5      | Killed Ijyb
  4936 | D:5      | Noticed Pikel
  4973 | D:5      | Killed Pikel
  4974 | D:5      | Reached skill level 9 in Spellcasting
  4974 | D:5      | Reached XP level 8. HP: 17/44 MP: 16/23
  5302 | D:5      | Found a runed translucent gate.
  5303 | D:5      | Found a runed translucent gate.
  5304 | D:5      | Found a runed translucent gate.
  5305 | D:5      | Noticed BigPumpCobain's ghost (novice NaSh)
  5839 | D:6      | Noticed Blork the orc
  5852 | D:6      | Killed Blork the orc
  5927 | D:6      | Found a glowing silver altar of Zin.
  5991 | D:6      | Noticed Jeremiah
  6063 | D:6      | Killed Jeremiah
  6064 | D:6      | Reached skill level 5 in Conjurations
  6244 | D:6      | Reached skill level 10 in Spellcasting
  6746 | D:7      | Found a shimmering altar of Xom.
  6757 | D:7      | Reached XP level 9. HP: 48/48 MP: 14/25
  7012 | D:7      | Splashed by a jelly's acid

Illustrated notes

Levels and vault maps discovered:
D:1:      lightli_arrival_noodles, layout_loops_corners,
          hellmonk_ecumenical_altar_pennies_from_heaven
D:2:      wad_lake_hut, layout_rooms
D:3:      layout_loops_cross
D:4:      layout_loops_ring
D:5:      layout_rooms, biasface_ghost_orc_armoury, uniq_ijyb, uniq_pikel,
          uniq_menkaure
D:6:      layout_loops_cross, mainiacjoe_overflow_24_doors, uniq_jeremiah,
          uniq_blork_the_orc
D:7:      minmay_blocky_corners, layout_loops_ring, regret_index_xom_of_box,
          minmay_temple_entry_poolview, serial_shops, shop, shop, shop,
          chequers_hall_statues_y

Skill      XL: |  1  2  3  4  5  6  7  8 |
---------------+-------------------------+-----
Spellcasting   | 5 6 7 9 10 | 10.8
Conjurations   | 2 3 4 5 |  5.8
Armour         | 1 2 3 |  3.0
Fighting       | 1 2 |  2.5
Stealth        | 3 |  3.0
Dodging        | 3 |  3.0
Fire Magic     | 1 2 3 4 |  4.9
Alchemy        | 1 |  1.0
Evocations     | 1 |  1.2
Air Magic      | 1 |  1.3
Summonings     | |  1.1
Translocations | |  1.1

Action                     |  1- 3 |  4- 6 |  7- 9 || total
---------------------------+-------+-------+-------++-------
  Melee: Dagger            |    11 |     8 |    22 ||    41
         Punch             |     1 |       |       ||     1
         Whip              |       |       |    66 ||    66
   Cast: Magic Dart        |   106 |   143 |   103 ||   352
         Mephitic Cloud    |     1 |     4 |    13 ||    18
         Call Imp          |       |     2 |     6 ||     8
         Blink             |       |       |     1 ||     1
   Stab: Confused          |     2 |       |    14 ||    16
 Armour: Robe              |    21 |    29 |    36 ||    86
  Dodge: Dodged            |    20 |    17 |    37 ||    74

Table legend: (Time is in decaauts)
 A = Elapsed time spent in this place.
 B = Non-inter-level travel time spent in this place.
 C = Inter-level travel time spent in this place.
 D = Time resting spent in this place.
 E = Time spent auto-exploring this place.
 F = Levels seen in this place.
 G = Mean time per level.
                   A        B        C        D        E       F      G
               +--------+--------+--------+--------+--------+-----+--------+
         Total |   7066 |   6923 |    143 |    363 |   5669 |   7 | 1009.4 |
       Dungeon |   7066 |   6923 |    143 |    363 |   5669 |   7 | 1009.4 |
               +--------+--------+--------+--------+--------+-----+--------+

Top non-repeatable levels by time:
     D:1: 1599 daAuts
     D:2: 1046 daAuts
     D:4: 1030 daAuts
     D:5: 1023 daAuts
     D:6: 961 daAuts
     D:3: 894 daAuts
     D:7: 511 daAuts
